 Dungeon Sprint DCSS version 0.19.5 (webtiles) character file.

612 Mesmaeker13 the Fighter (level 7, -7/69 HPs)
             Began as a Demigod Fighter on Apr 4, 2017.
             Mangled by Sonja
             ... wielding a +2 dagger of distortion
              (15 damage)
             ... in the Dungeon (Sprint I: "Red Sonja").
             The game lasted 00:01:55 (1070 turns).

Mesmaeker13 the Fighter (Demigod Fighter)           Turns: 1070, Time: 00:01:55

Health: -7/69      AC:  8    Str: 28    XL:     7   Next: 0%
Magic:  9/9        EV:  8    Int: 12    God:
Gold:   405        SH: 11    Dex: 15    Spells: 0 memorised, 6 levels left

rFire  . . .     SeeInvis .     a - +0 trident
rCold  . . .     Gourm    .     b - +0 scale mail
rNeg   . . .     Faith    .     c - +0 shield
rPois  .         Spirit   .     (no helmet)
rElec  .         Reflect  .     (no cloak)
rCorr  .         Harm     .     (no gloves)
MR     .....     NoTele   +     (no boots)
Stlth  ..........               (no amulet)
                                (no ring)
                                (no ring)

@: mighty, lethally poisoned (-7 -> -11), slowed, very slow
A: high mp 1
a: no special abilities


You were in the Dungeon.
You were hungry.

You visited 1 branch You collected 405 gold pieces.

Inventory:

Hand Weapons
 a - a +0 trident (weapon)
Armour
 b - a +0 scale mail (worn)
 c - a +0 shield (worn)
Scrolls
 k - a scroll of blinking
Potions
 g - a potion of heal wounds
 h - a potion of haste
 i - 2 potions of magic
 j - a potion of berserk rage
Comestibles
 f - a bread ration
 l - 6 chunks of flesh


   Skills:
 + Level 8.4 Fighting
 + Level 8.1 Polearms
 + Level 8.4 Armour
 + Level 5.1 Shields


You had 6 spell levels left.
You didn't know any spells.

Dungeon Overview and Level Annotations

Branches:
Dungeon (1/1)

Shops:
D [

Annotations:
D Sonja


Innate Abilities, Weirdness & Mutations

You have an increased reservoir of magic. (+10% MP)


Message History

Sonja hits you but does no damage. Space warps horribly around you!
* * * LOW HITPOINT WARNING * * *
You are too injured to fight recklessly!
You are too injured to fight recklessly!
Unknown command.
You are too injured to fight recklessly!
You are too injured to fight recklessly!
Unknown command.
You completely miss Sonja.
You feel sick. You block Sonja's attack. Sonja hits you but does no damage.
Sonja closely misses you. Sonja barely misses you. You block Sonja's attack.
Sonja closely misses you.
You closely miss Sonja.
You feel sick. Sonja hits you but does no damage. Space bends around you.
* * * LOW HITPOINT WARNING * * *
Sonja hits you with an uncursed dagger of distortion.
* * * LOW HITPOINT WARNING * * *
You feel a strange sense of stasis. Sonja hits you but does no damage.
You feel a strange sense of stasis. Sonja hits you but does no damage. x2
Space warps horribly around you!
You die...

######################
#<.#..)..#..'..#__#..+
#..)..#..').#..'^.'..#
#..#####'#####'#__####
#..####..#...#(####
#..#__####..##[#
#..#_____##'#..+
#⌠⌠#_.∩K@(÷(.._#
####_..__##_(#+#
#_____###'# #######
#.# $.$ $.$# ##.## #+#


You could see Sonja.

Vanquished Creatures
  A slime creature (D)
  Sigmund (D)
  A yak (D)
  An ogre (D)
  A jelly (D)
  Ijyb (D)
6 creatures vanquished.

Notes
Turn   | Place    | Note
-------+----------+-------------------------------------------
     0 | D        | Mesmaeker13 the Demigod Fighter began the quest for the Orb.
     0 | D        | Reached XP level 1. HP: 18/18 MP: 3/3
     1 | D        | Noticed Ijyb
    21 | D        | Killed Ijyb
    21 | D        | Reached XP level 2. HP: 15/27 MP: 4/4
   147 | D        | Noticed an ogre
   155 | D        | Killed an ogre
   155 | D        | Reached skill level 5 in Fighting
   155 | D        | Reached skill level 5 in Polearms
   155 | D        | Reached skill level 5 in Armour
   155 | D        | Reached XP level 3. HP: 5/36 MP: 5/5
   155 | D        | Reached XP level 4. HP: 6/42 MP: 6/6
   419 | D        | Noticed Sigmund
   434 | D        | Killed Sigmund
   434 | D        | Reached XP level 5. HP: 26/52 MP: 7/7
   594 | D        | Found a burning altar of Makhleb.
   594 | D        | Found a viscous altar of Jiyva.
   594 | D        | Found a shimmering altar of Xom.
   594 | D        | Found a corrupted altar of Lugonu.
   594 | D        | Noticed a slime creature
   605 | D        | Killed a slime creature
   605 | D        | Reached XP level 6. HP: 17/61 MP: 8/8
   840 | D        | Found a deep blue altar of Sif Muna.
   842 | D        | Found a radiant altar of Vehumet.
   956 | D        | Found Zolera's Antique Armour Emporium.
   956 | D        | Found an ancient bone altar of Kikubaaqudgha.
   956 | D        | Found a hazy altar of Hepliaklqana.
   956 | D        | Found a hide-covered altar of Uskayaw.
   956 | D        | Found a basalt altar of Yredelemnul.
   956 | D        | Found an opulent altar of Gozag.
   956 | D        | Found a snail-covered altar of Cheibriados.
   956 | D        | Found a sacrificial altar of Ru.
   956 | D        | Found a shadowy altar of Dithmenos.
   956 | D        | Noticed a yak
   967 | D        | Killed a yak
   967 | D        | Reached skill level 5 in Shields
   967 | D        | Reached XP level 7. HP: 53/69 MP: 9/9
  1043 | D        | Found a stormy altar of Qazlal.
  1043 | D        | Found a blossoming altar of Fedhas.
  1043 | D        | Found a bloodstained altar of Trog.
  1043 | D        | Found an iron altar of Okawaru.
  1043 | D        | Found a glowing golden altar of the Shining One.
  1043 | D        | Found a glowing silver altar of Zin.
  1043 | D        | Found a white marble altar of Elyvilon.
  1046 | D        | Found a sparkling altar of Nemelex Xobeh.
  1056 | D        | Noticed Sonja
  1070 | D        | Mangled by Sonja

Skill      XL: |  1  2  3  4  5  6 |
---------------+-------------------+-----
Fighting       | 4 5 7 8 |  8.4
Polearms       | 3 5 6 7 8 |  8.1
Armour         | 4 5 7 8 |  8.4
Shields        | 4 5 |  5.1

Action                   |  1- 3 |  4- 6 |  7- 9 || total
-------------------------+-------+-------+-------++-------
Melee: Trident           |    28 |    42 |     7 ||    77
  Use: Potion            |       |       |     2 ||     2
Armor: Scale mail        |     5 |     3 |     8 ||    16
Dodge: Dodged            |     8 |     4 |     7 ||    19
Block: Shield            |     7 |    13 |     9 ||    29
